 Dungeon Crawl Stone Soup version 0.28.0-1-gb440e238dd (webtiles) character file.

Game seed: 13877129919990832431

543 spaghetti the Covert (level 7, -1/46 HPs)
             Began as an Octopode Delver on Feb 19, 2022.
             Slain by a centaur warrior zombie (3 damage)
             ... on level 6 of the Dungeon.
             The game lasted 00:02:34 (1974 turns).

spaghetti the Covert (Octopode Delver)              Turns: 1974, Time: 00:02:35

Health: -1/46      AC:  1    Str: 11    XL:     7   Next: 27%
Magic:  7/7        EV: 14    Int: 13    God:
Gold:   9          SH:  0    Dex: 15    Spells: 6/6 levels left

rFire   . . .      SeeInvis .   j - +0 whip (vamp)
rCold   . . .      Faith    .   (no shield)
rNeg    . . .      Spirit   .   (helmet restricted)
rPois   .          Reflect  .   (no amulet)
rElec   .          Harm     .   (no ring)
rCorr   .          Rampage  .   (no ring)
Will    .....                   (no ring)
Stlth   +++++.....              (no ring)
HPRegen 0.15/turn               (no ring)
MPRegen 0.10/turn               (no ring)
                                (no ring)
                                (no ring)

@: no status effects
A: almost no armour, amphibious, 8 rings, camouflage 1, gelatinous body 1,
(nimble swimmer 1), tentacles
a: no special abilities


You were on level 6 of the Dungeon.
You visited 2 branches of the dungeon, and saw 5 of its levels.

You collected 9 gold pieces.

Inventory:

Hand Weapons
 a - a +0 falchion
 j - a +0 vampiric whip (weapon)
Wands
 f - a wand of digging (3)
 h - a wand of flame (21)
Scrolls
 b - 2 scrolls of fog
 c - a scroll of magic mapping
 d - 2 scrolls of fear
 g - a scroll of teleportation {unknown}
 l - a scroll of immolation {unknown}
 m - a scroll of silence {unknown}
Potions
 e - a potion of haste
 i - a potion of attraction {unknown}
 k - a potion of berserk rage {unknown}
 n - 2 potions of heal wounds {unknown}
 o - a potion of degeneration {unknown}


   Skills:
 - Level 3.6 Fighting
 - Level 2.8 Long Blades
 + Level 3.7 Maces & Flails
 - Level 2.8 Dodging
 - Level 10.0 Stealth


You had 6 spell levels left.
You didn't know any spells.
Your spell library contained the following spells:

 Spells                   Type           Power      Damage    Failure   Level
 Animate Dead             Necr           0%         N/A       97%         4
 Metabolic Englaciation   Hex/Ice        0%         N/A       100%        5
 Haunt                    Necr/Summ      0%         N/A       100%        7


Dungeon Overview and Level Annotations

Branches:
Dungeon (7/15)             Temple (1/1) D:4

Altars:
Elyvilon
Gozag

Shops:
D:4 :*


Innate Abilities, Weirdness & Mutations

You cannot wear most types of armour.
You are amphibious.
You can wear up to eight rings at the same time.
Your skin changes colour to match your surroundings (Stealth+).
Your rubbery body absorbs attacks. (AC +1, EV +1)
((You are camouflaged when in or above water. (Stealth+)))
You have tentacles for arms and can constrict up to eight enemies at once.


Message History

No target in view!
(D) Dungeon (T) Temple
Where to? (Enter - D:6, ? - help)
You hear the steady creaking of a portcullis nearby.
There is a stone staircase leading up here.
You climb upwards.
The centaur warrior zombie misses you.
The centaur warrior zombie closely misses you.
The centaur warrior zombie hits you.
The centaur warrior zombie barely misses you.
There is a stone staircase leading down here.
Unknown command.
You hit the centaur but do no damage.
The centaur unwields a +0 shortbow.
The centaur hits you. The centaur kicks you.
The centaur warrior zombie barely misses you.
The centaur warrior zombie kicks you.
You hit the centaur.
You feel better.
The centaur is lightly wounded.
The centaur hits you. The centaur closely misses you.
The centaur warrior zombie closely misses you. x2
You hit the centaur.
You feel better.
The centaur is moderately wounded.
The centaur barely misses you. x2; The centaur warrior zombie hits you.
The centaur warrior zombie kicks you. The centaur hits you.
The centaur kicks you but does no damage.
You hit the centaur. You squeeze the centaur!
The centaur is almost dead.
The centaur warrior zombie barely misses you.
The centaur warrior zombie kicks you but does no damage.
The centaur hits you. The centaur misses you.
You hit the centaur but do no damage.
The centaur is severely wounded.
The centaur hits you. The centaur kicks you.
The centaur warrior zombie hits you.
* * * LOW HITPOINT WARNING * * *
The centaur warrior zombie kicks you.
* * * LOW HITPOINT WARNING * * *
The centaur hits you.
* * * LOW HITPOINT WARNING * * *
The centaur barely misses you. The centaur warrior zombie hits you.
You die...

#...# ###.#.#
.....# ###.#.##
###...<..#
#....##..#
#.#......#.
#.c........
#@..........
#....Z......#...#
##.#.............
.......[...##.#.#
..............#
#.#.#.?..#.....#
# ..#....###...#
.# #..#.. ...#


You could see a centaur and a centaur warrior zombie.

Vanquished Creatures
  Grinder (D:5)
  A necrophage (D:5)
  A bullfrog (D:4)
  3 jellies
  2 hounds (D:4)
  A killer bee zombie (D:7)
  A gnoll (D:4)
  13 orcs (D:4)
  An endoplasm (D:4)
  A goblin (D:4)
  A hobgoblin (D:4)
  3 kobolds (D:4)
29 creatures vanquished.

Notes
Turn   | Place    | Note
-------+----------+-------------------------------------------
     0 | D:5      | spaghetti the Octopode Delver began the quest for the Orb.
     0 | D:5      | Reached XP level 1. HP: 16/16 MP: 1/1
     7 | D:5      | Noticed a necrophage
    15 | D:5      | Killed a necrophage
    16 | D:5      | Reached skill level 7 in Stealth
    16 | D:5      | Reached XP level 2. HP: 7/21 MP: 2/2
    16 | D:5      | Reached XP level 3. HP: 9/26 MP: 3/3
    16 | D:5      | Reached XP level 4. HP: 11/32 MP: 4/4
   220 | D:5      | Noticed Grinder
   223 | D:5      | Paralysed by Grinder for 3 turns
   230 | D:5      | Killed Grinder
   231 | D:5      | Reached skill level 9 in Stealth
   231 | D:5      | Reached XP level 5. HP: 16/36 MP: 5/5
   231 | D:5      | Reached XP level 6. HP: 18/42 MP: 6/6
   502 | D:4      | Found a staircase to the Ecumenical Temple.
   531 | Temple   | Entered the Ecumenical Temple
   661 | D:4      | Reached skill level 10 in Stealth
   739 | D:4      | Reached skill level 1 in Maces & Flails
   897 | D:4      | Found Gainosho's Self-Improvement Boutique.
  1069 | D:4      | Got the Tome of the Ghastly Frostbite
  1177 | D:4      | Reached XP level 7. HP: 38/46 MP: 7/7
  1238 | D:4      | Found Mieg's General Store.
  1974 | D:6      | HP: 2/46 [centaur (4)]
  1974 | D:6      | Slain by a centaur warrior zombie

Illustrated notes

Levels and vault maps discovered:
D:4:      layout_loops_cross, minmay_temple_entry_antechambers, serial_shops,
          nicolae_shop_trees, nicolae_shop_hallway_stairs,
          nicolae_shop_self_help, uniq_ijyb
D:5:      layout_basic, uniq_eustachio, uniq_grinder
D:6:      cheibrodos_quashed, layout_basic, amcnicky_altar_gilded,
          old_standard_altar, serial_shops, nicolae_shop_stone,
          nicolae_shop_trees, shop, nicolae_shop_hallway_plus, shop,
          kennysheep_potato
D:7:      layout_loops_cross, enter_bailey_7, uniq_maggie
Temple:   minmay_crystal_spiral_temple

Skill      XL: |  1  2  3  4  5  6  7 |
---------------+----------------------+-----
Stealth        | 7 9 10 | 10.0
Maces & Flails | 2 3 |  3.7
Fighting       | |  3.6
Long Blades    | |  2.8
Dodging        | |  2.8

Action                   |  1- 3 |  4- 6 |  7- 9 || total
-------------------------+-------+-------+-------++-------
Melee: Falchion          |     3 |    11 |       ||    14
       Tentacles         |     2 |    23 |     7 ||    32
       Constrict         |     1 |    16 |     2 ||    19
       Whip              |       |    52 |    21 ||    73
       Punch             |       |     2 |       ||     2
Evoke: Wand              |       |       |     1 ||     1
  Use: Scroll            |       |       |     1 ||     1
 Stab: Sleeping          |       |     7 |     1 ||     8
       Distracted        |       |     2 |       ||     2
Armor: Skin              |       |     5 |     2 ||     7
Dodge: Dodged            |       |    32 |    25 ||    57
